 Seeded DCSS version 0.32-a0-576-g706899e69d (webtiles) character file.

Game seed: 8748892783387413675 (custom seed)

2697 Juicyj the Cleaver (level 9, -6/80 HPs)
             Began as a Mountain Dwarf Fighter on Mar 1, 2024.
             Was an Initiate of Ashenzari.
             Killed by divine providence
             ... invoked by an orc priest
              (18 damage)
             ... on level 7 of the Dungeon.
             The game lasted 00:12:54 (5894 turns).

Juicyj the Cleaver (Mountain Dwarf Fighter)         Turns: 5894, Time: 00:12:55

Health: -6/80      AC: 20    Str: 29    XL:     9   Next: 38%
Magic:  9/9        EV: 12    Int:  7    God:    Ashenzari [......]
Gold:   13         SH:  6    Dex: 12    Spells: 8/8 levels left

rFire   . . .        a - +2 war axe (freeze)
rCold   . . .        c - +0 buckler
rNeg    . . .        n - +3 plate armour
rPois   +            (no helmet)
rElec   .            (no cloak)
rCorr   .            (no gloves)
SInv    .            i - +3 pair of boots "Bound Ennui" {Harm ^Drain Will+ Str+3, Melee, Dev} (curse)
Will    +....        s - amulet of regeneration Stlth
                     u - +5 ring of evasion
HPRegen 1.13/turn    v - ring of poison resistance
MPRegen 0.11/turn

%: harm (+30% outgoing, +20% incoming)
@: slowed, very slow
A: runic magic, artefact enchanting, agile 1, strong 1
a: Renounce Religion, Shatter the Chains


You were on level 7 of the Dungeon.
You worshipped Ashenzari.
Ashenzari was noncommittal.
You visited 2 branches of the dungeon, and saw 9 of its levels.
You also visited: Sewer.

You collected 13 gold pieces.

Inventory:

Hand Weapons
 a - a +2 war axe of freezing (weapon)
Armour
 b - a +0 scale mail
 c - a +0 buckler (worn)
 i - the cursed +3 pair of boots "Bound Ennui" (worn) {Harm ^Drain Will+ Str+3, Melee, Dev}
   (You acquired it on level 2 of the Dungeon)

   Str+3:     It affects your strength (+3).
   Will+:     It increases your willpower.
   ^Drain:    It drains your maximum health when unequipped.
   Harm:      It increases damage dealt and taken.
   It has a curse which improves the following skills: Melee Combat: Short
   Blades, Long Blades, Axes, Maces & Flails, Polearms, Staves and Unarmed
   Combat.
   Devices:   Evocations and Shapeshifting.
 n - a +3 plate armour (worn)
Jewellery
 s - an amulet of regeneration (around neck)
 u - a +5 ring of evasion (left hand)
 v - a ring of poison resistance (right hand)
Wands
 e - a wand of paralysis (6)
Scrolls
 f - 3 scrolls of noise
 r - a scroll of blinking {unknown}
 w - a scroll of vulnerability
 x - a scroll of revelation
Potions
 d - 5 potions of might
 j - 2 potions of mutation
 k - a potion of attraction
 l - a potion of berserk rage {unknown}
 m - a potion of brilliance
 o - a potion of magic
 p - 2 potions of cancellation
 q - 2 potions of heal wounds


   Skills:
 + Level 7.7 Fighting
 + Level 8.1(8.5) Axes
 + Level 7.8 Armour
 + Level 7.8 Shields


You had 8 spell levels left.
You didn't know any spells.
Your spell library contained the following spells:

 Spells                   Type           Power      Damage    Failure   Level
 Apportation              Tloc           0%         N/A       65%         1
 Necrotise                Necr           0%         1d4       65%         1
 Sting                    Conj/Alch      0%         1d3       65%         1
 Summon Small Mammal      Summ           0%         N/A       65%         1


Dungeon Overview and Level Annotations

Branches:
Dungeon (8/15)             Temple (1/1) D:5           Sewer (visited)
   Lair: D:8-11

Altars:
Ashenzari
Cheibriados
Dithmenos
Elyvilon
Gozag
Hepliaklqana
Kikubaaqudgha
Makhleb
Nemelex Xobeh
Okawaru
Sif Muna
Trog
Uskayaw
Wu Jian
Xom
Yredelemnul
The Shining One
Lugonu

Shops:
D:6 =

Annotations:
D:7 Maurice


Innate Abilities, Weirdness & Mutations

Your spellcasting is much less encumbered by armour.
You can use scrolls of enchantment on lesser artefacts.
You are agile. (Dex +4, Str/Int -1)
Your muscles are strong. (Str +4, Int/Dex -1)


Message History

You are engulfed in a cloud of scalding steam.
You block the goblin's attack. The steam dragon bites you!
The steam dragon misses you.
Things that are here:
a +0 hand axe; an orc corpse You slash the steam dragon!
You freeze the steam dragon.
The steam dragon is severely wounded.
You slash the goblin! You freeze the goblin.
You kill the goblin!
You are engulfed in a cloud of scalding steam.
* * * LOW HITPOINT WARNING * * *
The orc throws a boomerang.
The boomerang barely misses you. The steam dragon breathes steam at you.
The ball of steam hits you!
* * * LOW HITPOINT WARNING * * *
You slash the steam dragon! You freeze the steam dragon.
You kill the steam dragon!
The steam dragon scales are intact enough to wear.
You are engulfed in a cloud of scalding steam.
The orc throws a boomerang.
The boomerang hits you but does no damage.
The orc priest mumbles some strange prayers to Beogh against you.
Beogh smites you!
* * * LOW HITPOINT WARNING * * *
You block the orc's attack. x2; The orc hits you but does no damage.
The orc priest barely misses you.
Things that are here:
+0 steam dragon scales; a +0 hand axe; a steam dragon corpse You hit the orc priest but do no damage.
You hit the orc. You freeze the orc. You slash the orc! You freeze the orc.
You kill the orc!
You block the orc's attack. The orc priest barely misses you.
You hit the orc priest. You freeze the orc priest.
The orc priest is moderately wounded.
You barely miss the orc. You block the orc's attack.
The orc priest hits you but does no damage.
The orc hits you but does no damage.
The orc priest calls down the wrath of Beogh upon you.
Beogh smites you!
You die...

###...............
#.........§§....
#.#......§§§.#
#..#...##D§§#
#...#..##.§#§.o...
#....#....#.......
#.(..#).#....#.##
#o##..##§o##.# #
#@##..# ..# ...
#)o..#..#... .##
#...#....#... #
#..#..##..#...
#(#...# ...#..
##...... ...
####... .. ####


You could see an orc priest and an orc.

Vanquished Creatures
  Grinder (D:6)
  A steam dragon (D:7)
  A water moccasin (D:8)
  A black bear (D:6)
  2 ice beasts (D:6)
  3 ogres
  2 phantoms
  2 kobold brigands
  2 brain worms (Sewer)
  A bullfrog (D:6)
  A gnoll sergeant (D:5)
  4 scorpions
  4 killer bees
  A howler monkey (D:6)
  A jelly (D:5)
  2 hounds
  An orc priest (D:4)
  3 sleepcaps
  Jessica (D:3)
  3 iguanas
  Ijyb (D:2)
  2 orc wizards (D:4)
  Robin (D:2)
  9 gnolls
  3 river rats (Sewer)
  10 adders
  A shadow imp (D:5)
  2 white imps
  2 ufetubi (D:7)
  3 dart slugs
  4 ribbon worms
  17 orcs
  2 ball pythons
  3 bats
  10 endoplasms
  5 giant cockroaches
  20 goblins
  6 hobgoblins
  2 jackals (Sewer)
  8 quokkas
  6 frilled lizards
  12 kobolds
  5 rats
171 creatures vanquished.

Vanquished Creatures (others)
  An orc warrior (D:7)
  A centaur (D:7)
  A bullfrog (D:7)
  An orc priest (D:7)
  An orc (D:7)
  A hobgoblin (D:7)
6 creatures vanquished.

Grand Total: 177 creatures vanquished

Notes
Turn   | Place    | Note
-------+----------+-------------------------------------------
     0 | D:1      | Juicyj the Mountain Dwarf Fighter began the quest for the
                  | Orb.
     0 | D:1      | Reached XP level 1. HP: 19/19 MP: 1/1
   154 | D:1      | Reached XP level 2. HP: 24/26 MP: 2/2
   540 | D:2      | Identified a scroll of acquirement
   540 | D:2      | Acquired the +3 pair of boots "Qonuf" {Harm ^Drain Will+
                  | Str+3}
   642 | D:2      | Noticed Robin
   650 | D:2      | Reached skill level 3 in Axes
   653 | D:2      | Reached XP level 3. HP: 20/31 MP: 3/3
   653 | D:2      | Killed Robin
   947 | D:2      | Noticed Ijyb
  1086 | D:2      | Paralysed by Ijyb for 4 turns
  1255 | D:2      | Paralysed by Ijyb for 2 turns
  1258 | D:2      | Killed Ijyb
  1259 | D:2      | Reached XP level 4. HP: 5/40 MP: 4/4
  1585 | D:2      | Found a snail-covered altar of Cheibriados.
  1852 | D:3      | Found an iron altar of Okawaru.
  1987 | D:3      | Found a hide-covered altar of Uskayaw.
  2037 | D:3      | Reached XP level 5. HP: 36/46 MP: 5/5
  2046 | D:3      | Reached skill level 4 in Axes
  2153 | D:3      | Found a basalt altar of Yredelemnul.
  2164 | D:3      | Noticed Jessica
  2168 | D:3      | Killed Jessica
  2593 | D:4      | Noticed a phantom
  2606 | D:4      | Killed a phantom
  2607 | D:4      | Reached XP level 6. HP: 53/53 MP: 6/6
  2706 | D:4      | Found a glowing drain.
  2724 | Sewer    | Entered a sewer
  2763 | Sewer    | Reached skill level 5 in Shields
  2781 | Sewer    | Reached skill level 5 in Fighting
  2802 | Sewer    | Reached skill level 5 in Armour
  2898 | Sewer    | Reached skill level 5 in Axes
  2992 | Sewer    | Reached XP level 7. HP: 61/61 MP: 7/7
  4057 | D:4      | Gained mutation: You are vulnerable to heat. (rF-) [potion
                  | of mutation]
  4057 | D:4      | Gained mutation: You have a pair of small horns on your
                  | head. [potion of mutation]
  4295 | D:4      | Lost mutation: You have a pair of small horns on your head.
                  | [potion of mutation]
  4295 | D:4      | Lost mutation: You are vulnerable to heat. (rF-) [potion of
                  | mutation]
  4295 | D:4      | Gained mutation: You are agile. (Dex +4, Str/Int -1)
                  | [potion of mutation]
  4295 | D:4      | Gained mutation: Your muscles are strong. (Str +4, Int/Dex
                  | -1) [potion of mutation]
  4309 | D:5      | Entered Level 5 of the Dungeon
  4320 | D:5      | Found a burning altar of Makhleb.
  4393 | D:5      | Reached skill level 6 in Axes
  4396 | D:5      | Reached XP level 8. HP: 63/70 MP: 8/8
  4474 | D:5      | Found a staircase to the Ecumenical Temple.
  4485 | D:5      | Found a shadowy altar of Dithmenos.
  4790 | D:5      | Found a broken altar of Ashenzari.
  4800 | D:5      | Identified the +0 robe "Mischiedd" {rN+++ Str-5 Slay+2}
  4803 | D:5      | Became a worshipper of Ashenzari the Shackled
  4898 | Temple   | Entered the Ecumenical Temple
  4969 | D:6      | Found Opnuihokh's Jewellery Shoppe.
  5036 | D:6      | Reached skill level 7 in Axes
  5088 | D:6      | Noticed Grinder
  5102 | D:6      | Paralysed by Grinder for 2 turns
  5107 | D:6      | Killed Grinder
  5108 | D:6      | Reached XP level 9. HP: 54/79 MP: 9/9
  5472 | D:7      | Noticed Maurice
  5517 | D:7      | Something stole a throwing net
  5518 | D:7      | Something stole 27 gold
  5585 | D:7      | Maurice stole 231 gold
  5833 | D:7      | Found a shimmering blue altar of Sif Muna.
  5859 | D:7      | Found a shimmering altar of Xom.
  5863 | D:7      | Reached skill level 8 in Axes
  5894 | D:7      | Killed from afar by an orc priest

Illustrated notes

Levels and vault maps discovered:
D:1:      evilmike_arrival_plus, layout_rooms, hangedman_decor_opposing
D:2:      kennysheep_the_goblin_king, layout_basic, basic_altar, uniq_robin
D:3:      layout_basic, nicolae_overflow_crystal_walls,
          mainiacjoe_overflow_alcove_2, mainiacjoe_overflow_cross_hatched,
          hellmonk_no_cap, uniq_jessica
D:4:      kennysheep_spiral_hall, layout_basic, portal_sewer_entry_f,
          kennysheep_generic_room_15
D:5:      layout_loops_ring, nicolae_dithmenos_through_a_glass_darkly,
          lemuel_round_altar, lemuel_crystal_altar,
          minmay_temple_entry_butterflies
D:6:      layout_basic, serial_shops, shop, uniq_grinder
D:7:      layout_basic, xom_confusion_cloud, nicolae_vehumet_altar_sigil,
          lemuel_crystal_altar, nicolae_overflow_two_pavilions, enter_bailey_4,
          minivault_26, uniq_maurice
D:8:      layout_cave_pods, chei_slow_surprise,
          nicolae_qazlal_style_of_elements, serial_glass, glass_columns_a,
          glass_columns_a
Temple:   corrupted_temple

Skill      XL: |  1  2  3  4  5  6  7  8  9 |
---------------+----------------------------+-----
Axes           | 3 4 5 6 7 8 |  8.1
Armour         | 4 5 6 7 |  7.8
Shields        | 4 5 6 7 |  7.8
Fighting       | 4 5 7 |  7.7

Action                     |  1- 3 |  4- 6 |  7- 9 || total
---------------------------+-------+-------+-------++-------
  Melee: War axe           |    83 |   164 |   246 ||   493
         Headbutt          |       |       |     1 ||     1
 Invoke: Curse Item        |       |       |     1 ||     1
    Use: Scroll            |     7 |     6 |    12 ||    25
         Potion            |     3 |       |     6 ||     9
 Armour: Scale mail        |    85 |    61 |       ||   146
         Plate armour      |       |   124 |   281 ||   405
  Dodge: Dodged            |    32 |    54 |   141 ||   227
  Block: Buckler           |    15 |    41 |    98 ||   154

Table legend: (Time is in decaauts)
 A = Elapsed time spent in this place.
 B = Non-inter-level travel time spent in this place.
 C = Inter-level travel time spent in this place.
 D = Time resting spent in this place.
 E = Time spent auto-exploring this place.
 F = Levels seen in this place.
 G = Mean time per level.
                   A        B        C        D        E       F      G
               +--------+--------+--------+--------+--------+-----+--------+
         Total |   6176 |   6033 |    143 |    597 |   3996 |  10 |  617.6 |
       Dungeon |   5387 |   5245 |    142 |    597 |   3393 |   8 |  673.4 |
        Temple |      1 |      0 |      1 |      0 |      0 |   1 |    1.0 |
         Sewer |    787 |    787 |      0 |      0 |    603 |   1 |  787.0 |
               +--------+--------+--------+--------+--------+-----+--------+

Top non-repeatable levels by time:
     D:4: 1205 daAuts
     D:2: 1045 daAuts
     D:3: 983 daAuts
   Sewer: 787 daAuts
     D:5: 616 daAuts
     D:1: 548 daAuts
     D:6: 501 daAuts
     D:7: 253 daAuts
     D:8: 231 daAuts
  Temple: 1 daAuts
